 Dungeon Crawl Stone Soup version 0.25.1-2-g60ff931df9 (webtiles) character file.

Game seed: 1077348442567785714

58 protoss039 the Digger (level 3, -1/19 HPs)
             Began as a Deep Elf Earth Elementalist on Aug 8, 2020.
             Was an Initiate of Sif Muna.
             Slain by a worker ant (7 damage)
             ... on level 3 of the Dungeon.
             The game lasted 00:03:00 (2104 turns).

protoss039 the Digger (Deep Elf Earth Elementalist) Turns: 2104, Time: 00:03:00

Health: -1/19      AC:  4    Str:  5    XL:     3   Next: 75%
Magic:  4/10       EV: 13    Int: 20    God:    Sif Muna [......]
Gold:   142        SH:  0    Dex: 15    Spells: 3/9 levels left

rFire    . . .     SeeInvis .   i - +0 spear
rCold    . . .     Gourm    .   (no shield)
rNeg     . . .     Faith    .   c - +0 robe
rPois    .         Spirit   .   (no helmet)
rElec    .         Reflect  .   j - scarf {repulsion}
rCorr    .         Harm     .   g - +0 pair of gloves
MR       .....                  a - +0 pair of boots
Stlth    ++........             (no amulet)
HPRegen  0.06/turn              (no ring)
MPRegen  0.12/turn              (no ring)

@: very slightly contaminated, repel missiles
A: no striking features
a: Renounce Religion


You were on level 3 of the Dungeon.
You worshipped Sif Muna.
Sif Muna was noncommittal.
You were not hungry.

You visited 1 branch of the dungeon, and saw 3 of its levels.

You collected 142 gold pieces.

Inventory:

Hand Weapons
 i - a +0 spear (weapon)
Missiles
 b - 77 stones (quivered)
 m - 13 poisoned darts
Armour
 a - a +0 pair of boots (worn)
 c - a +0 robe (worn)
 g - a +0 pair of gloves (worn)
 j - a scarf of repulsion (worn)
Scrolls
 f - 3 scrolls of amnesia {unknown}
 h - 2 scrolls of fog {unknown}
 l - 2 scrolls of identify {unknown}
 n - a scroll of teleportation {unknown}
 o - a scroll of remove curse {unknown}
Potions
 e - a potion of ambrosia {unknown}
 k - a potion of invisibility {unknown}
 p - a potion of lignification {unknown}
 r - 2 potions of curing {unknown}
 s - a potion of stabbing {unknown}
 t - a potion of might {unknown}
Comestibles
 d - 7 rations
 q - 5 chunks of flesh


   Skills:
 * Level 0.1 Fighting
 - Level 3.0 Dodging
 - Level 3.0 Stealth
 + Level 3.7 Spellcasting
 + Level 1.1 Transmutations
 + Level 4.2 Earth Magic
 * Level 0.5 Invocations


You had 3 spell levels left.
You knew the following spells:

 Your Spells              Type           Power        Failure   Level  Hunger
a - Sandblast             Erth           ###...       2%          1    None
b - Passwall              Tmut/Erth      ##......     7%          2    ##.....
c - Stone Arrow           Conj/Erth      ##....       17%         3    ###....

Your spell library contained the following spells:

 Spells                   Type           Power        Failure   Level  Hunger
 Petrify                  Tmut/Erth      ##......     41%         4    ####...
 Lee's Rapid Deconstruct  Erth           ###.......   54%         5    ######.


Dungeon Overview and Level Annotations

Branches:
Dungeon (3/15)

Altars:
Sif Muna


Message History

The worker ant is moderately wounded.
b - 78 stones
Casting: Sandblast (safe; 2% risk of failure)
Confirm with . or Enter, or press ? or * to list all spells.
Aiming: Sandblast (safe; 2% risk of failure)
Press: ? - help, Shift-Dir - straight line, f/p - worker ant
Aim: a worker ant (moderately wounded)
The blast of sand hits the worker ant.
The worker ant is moderately wounded.
b - 77 stones The worker ant closely misses you.
The worker ant bites you.
Casting: Sandblast (safe; 2% risk of failure)
Confirm with . or Enter, or press ? or * to list all spells.
Aiming: Sandblast (safe; 2% risk of failure)
Press: ? - help, Shift-Dir - straight line, f/p - worker ant
Aim: a worker ant (moderately wounded)
You miscast Sandblast.
You are very lightly contaminated with residual magic.
Nothing appears to happen.
The worker ant bites you!
You die...

###### #....#
#####....#
#...#....##..
#..%..o......
#...#@a..##.
#...#†...#
#...#....#
##.#######
#.# #.# #.#
#.# ########
#.# #......#


You could see a worker ant and an orc.

Vanquished Creatures
  An adder (D:2)
  A worm (D:3)
  2 dart slugs (D:1)
  2 leopard geckos
  3 bats
  A giant cockroach (D:1)
  4 goblins (D:1)
  7 hobgoblins
  3 jackals (D:2)
  7 kobolds
  A quokka (D:3)
  A ball python (D:1)
  2 frilled lizards
  2 rats
37 creatures vanquished.

Notes
Turn   | Place    | Note
-------+----------+-------------------------------------------
     0 | D:1      | protoss039 the Deep Elf Earth Elementalist began the quest
                  | for the Orb.
     0 | D:1      | Reached XP level 1. HP: 10/10 MP: 6/6
   212 | D:1      | Reached XP level 2. HP: 8/15 MP: 5/8
  1210 | D:2      | Reached XP level 3. HP: 12/19 MP: 9/9
  1397 | D:2      | Reached skill level 4 in Earth Magic
  1603 | D:2      | Found a shimmering blue altar of Sif Muna.
  1622 | D:2      | Became a worshipper of Sif Muna the Loreminder
  1817 | D:3      | Learned a level 2 spell: Passwall
  1821 | D:3      | Learned a level 3 spell: Stone Arrow
  2104 | D:3      | Slain by a worker ant

Illustrated notes

Levels and vault maps discovered:
D:1:      ebering_trefoil_twist, layout_basic, minmay_crystal_water
D:2:      layout_basic, lemuel_doored_altar
D:3:      layout_basic, nicolae_overflow_hidden_temple, first_ration,
          uniq_sigmund

Skill      XL: |  1  2  3 |
---------------+----------+-----
Earth Magic    | 4 |  4.2
Dodging        | 3 |  3.0
Stealth        | 3 |  3.0
Fighting       | |  0.1
Spellcasting   | |  3.7
Transmutations | |  1.1
Invocations    | |  0.5

Action                   || total
-------------------------++-------
Melee: Spear             ||   114
       Unarmed           ||     1
 Cast: Sandblast         ||    24
 Stab: Sleeping          ||     9
  Eat: Chunk             ||     4
Armor: Robe              ||    21
Dodge: Dodged            ||    78
       Repelled          ||     2
